 Dungeon Crawl Stone Soup version 0.32-a0-607-g64ea0e4219 (webtiles) character file.

Game seed: 12756368762552852870

35107 Aldia the Grappler (level 13, -2/113 HPs)
             Began as a Grey Draconian Shapeshifter on Mar 3, 2024.
             Was a High Priest of Fedhas.
             Slain by an orc knight
             ... wielding a +0 war axe
              (20 damage)
             ... on level 2 of the Orcish Mines on Mar 4, 2024.
             The game lasted 00:41:24 (16283 turns).

Aldia the Grappler (Grey Draconian Shapeshifter)   Turns: 16283, Time: 00:41:25

Health: -2/113     AC: 20    Str: 16    XL:     13   Next: 45%
Magic:  13/22      EV: 24    Int: 14    God:    Fedhas [*****.]
Gold:   971        SH:  0    Dex: 13    Spells: 8/24 levels left

rFire   . .          .
                       - Unarmed
rCold   . . .        (shield currently unavailable)
rNeg    . . .        (body armour unavailable)
rPois   .            (helmet restricted)
rElec   .            e - +0 cloak
rCorr   .            z - +2 pair of gloves
SInv    .            I - +2 pair of boots {Fly}
Will    +....        J - amulet of faith
Stlth   +            g - +5 ring of evasion
HPRegen 0.38/turn    M - ring of willpower
MPRegen 0.18/turn

%: faith
@: flux-form, flying, glowing
A: glow, contaminating, mud breath, mud-swimmer, AC +13, amphibious, unfitting
armour, cold-blooded
a: Mud Breath, Begin Untransformation, Renounce Religion, Wall of Briars, Grow
Ballistomycete, Overgrow, Grow Oklob


You were on level 2 of the Orcish Mines.
You worshipped Fedhas.
Fedhas was extremely pleased with you.
You were something dangerously unstable.
You visited 4 branches of the dungeon, and saw 17 of its levels.
You also visited: Sewer and Bailey.

You collected 1391 gold pieces.
You spent 420 gold pieces at shops.

Inventory:

Missiles
 i - 2 throwing nets
 B - 7 curare-tipped darts
Armour
 e - a +0 cloak (worn)
 v - a +0 buckler
 w - a +2 kite shield
 z - a +2 pair of gloves (worn)
 F - the +3 buckler of Unambiguity {^Contam rPois Int+8 Dex-4}
   (You found it on level 7 of the Dungeon)

   Int+8:     It affects your intelligence (+8).
   Dex-4:     It affects your dexterity (-4).
   rPois:     It protects you from poison.
   ^Contam:   It causes magical contamination when unequipped.
 I - a +2 pair of boots of flying (worn)
Magical Staves
 E - a staff of earth
Jewellery
 g - a +5 ring of evasion (left hand)
 m - a ring of flight
 J - an amulet of faith (around neck)
 M - a ring of willpower (right hand)
Talismans
 b - a beast talisman
 c - a flux talisman (active)
Wands
 a - a wand of paralysis (4)
 y - a wand of flame (45)
 D - a wand of warping (10)
 L - a wand of mindburst (18)
Scrolls
 d - a scroll of enchant weapon
 f - 2 scrolls of immolation
 n - a scroll of blinking
 o - a scroll of silence
 q - a scroll of poison
 r - 4 scrolls of teleportation
 u - a scroll of brand weapon
 x - 3 scrolls of butterflies
 A - 3 scrolls of fear
 K - a scroll of vulnerability
Potions
 h - 2 potions of heal wounds
 j - 6 potions of curing
 k - 3 potions of mutation
 p - a potion of brilliance
 t - 6 potions of enlightenment
 C - 2 potions of attraction
 G - 3 potions of might
 H - a potion of invisibility
 O - a potion of haste
Miscellaneous
 s - a phantom mirror


   Skills:
 - Level 10.0 Fighting
 + Level 7.9 Dodging
 - Level 12.0 Unarmed Combat
 - Level 6.0 Spellcasting
 * Level 7.4 Conjurations
 - Level 7.0 Earth Magic
 - Level 9.0 Alchemy
 + Level 3.7 Invocations
 - Level 7.0 Shapeshifting


You had 8 spell levels left.
You knew the following spells:

 Your Spells              Type           Power      Damage    Failure   Level
a - Stone Arrow           Conj/Erth      48%        3d10      2%          3
b - Olgreb's Toxic Radia  Alch           29%        N/A       3%          4
c - Irradiate             Conj/Alch      13%        3d16      16%         5
d - Petrify               Alch/Erth      26%        N/A       6%          4

Your spell library contained the following spells:

 Spells                   Type           Power      Damage    Failure   Level
 Magic Dart               Conj           100%       1d8       1%          1
 Searing Ray              Conj           50%        2d6       1%          2
 Kiss of Death            Conj/Necr      56%        2d9       3%          1
 Mercury Vapours          Alch/Air       32%        N/A       3%          2
 Fulminant Prism          Conj/Alch      13%        3d9       5%          4
 Slow                     Hex            16%        N/A       16%         1
 Sublimation of Blood     Necr           4%         N/A       24%         2
 Call Canine Familiar     Summ           4%         N/A       43%         3
 Confusing Touch          Hex            4%         N/A       43%         3
 Sigil of Binding         Hex            4%         N/A       43%         3
 Swiftness                Air            4%         N/A       43%         3
 Vampiric Draining        Necr           4%         2d6       43%         3
 Arcjolt                  Conj/Air       7%         1d17      67%         5
 Anguish                  Hex/Necr       2%         N/A       83%         4
 Cause Fear               Hex            2%         N/A       83%         4
 Dimensional Bullseye     Hex/Tloc       2%         N/A       83%         4
 Dispel Undead            Necr           4%         3d7       83%         4
 Vhi's Electric Charge    Tloc/Air       8%         N/A       83%         4
 Plasma Beam              Fire/Air       2%         2x1d12    100%        6
 Enfeeble                 Hex            2%         N/A       100%        7
 Ozocubu's Refrigeration  Ice            2%         4d7       100%        7
 Discord                  Hex            2%         N/A       100%        8
 Lehudib's Crystal Spear  Conj/Erth      12%        10d4      100%        8
 Maxwell's Capacitive Co  Air            2%         ∞         100%        8
 Chain Lightning          Conj/Air       7%         3d9       100%        9
 Animate Armour           Summ/Erth      Unusable   N/A       N/A         4

Dungeon Overview and Level Annotations

Branches:
Dungeon (11/15)            Temple (1/1) D:7            Lair (3/5) D:10
 Shoals (0/4) Lair:3       Spider (0/4) Lair:2          Orc (2/2) D:11
    Elf (0/3) Orc:2         Sewer (visited)          Bailey (visited)

Altars:
Ashenzari
Cheibriados
Dithmenos
Elyvilon
Fedhas
Gozag
Hepliaklqana
Kikubaaqudgha
Makhleb
Nemelex Xobeh
Okawaru
Qazlal
Ru
Sif Muna
Trog
Uskayaw
Vehumet
Wu Jian
Xom
Yredelemnul
Zin
The Shining One
Beogh

Shops:
D:4 :   D:6 :   D:8 :   D:11 (   Orc:2 *((*

Annotations:
D:4 2 transporters, Menkaure
Temple 2 transporters


Innate Abilities, Weirdness & Mutations

You are something dangerously unstable.
You glow with magical radiation, making you easy to see and hit.
Foes you strike become dangerously contaminated with magical radiation.
You are incapable of wielding weapons or throwing items.
You can breathe torrents of mud.
You are unimpeded by mud.
Your dull iron-grey scales are very hard. (AC +13)
You are amphibious.
You cannot fit into any form of body armour.
You are cold-blooded and may be slowed by cold attacks.


Message History

The orc knight is heavily wounded.
The orc knight hits you with a +0 war axe!
The orc knight completely misses you.
You barely miss the orc knight.
You tail-slap the orc knight, but do no damage.
The orc knight is heavily wounded.
The orc knight hits you with a +0 war axe.
The orc knight hits you with a +2 battleaxe!
* * * LOW HITPOINT WARNING * * *
You hit the orc knight but do no damage.
The orc knight glows dangerously bright.
The orc knight is severely wounded.
The orc knight completely misses you. The orc knight barely misses you.
Unknown command.
You hit the orc knight.
The orc knight shudders as magic cascades through it!
The orc knight twists and deforms.
The orc knight is almost dead.
The orc knight completely misses you. The orc knight misses you.
You punch the orc knight!
The orc knight begins to glow.
You tail-slap the orc knight, but do no damage.
The orc knight is almost dead.
You hit the orc knight.
You kill the orc knight!
Fedhas appreciates your contribution to the ecosystem.
The orc knight hits you with a +0 war axe!
* * * LOW HITPOINT WARNING * * *
The orc knight completely misses you.
Items here: ))) [[ †.
Unknown command.
You punch the orc knight!
The orc knight begins to glow.
The orc knight is severely wounded.
The orc knight hits you but does no damage.
You hit the orc knight but do no damage.
The orc knight glows dangerously bright.
Your tail-slap misses the orc knight.
The orc knight is severely wounded.
The orc knight hits you with a +0 war axe!!
You die...
Fedhas appreciates your contribution to the ecosystem.

######
#...∩#
#....#
#..).#
#o)# #.p#
##..#
+...#
+.(.#
###'##
#...#
#...#
#...#
##'#######


You could see an orc knight (strong, poisoned, heavy contam).

Vanquished Creatures
  A stone giant (Orc:2)
  A catoblepas (Lair:1)
  4 two-headed ogres
  An orc high priest (Orc:2)
  Nergalle (Lair:1)
  6 orc knights (Orc:2)
  2 cyclopes (Orc:2)
  4 orc sorcerers (Orc:2)
  Maurice (Orc:2)
  A merfolk siren (Lair:3)
  3 black mambas
  2 cane toads
  A rime drake (Lair:1)
  2 komodo dragons
  2 kobold demonologists (D:11)
  5 trolls
  A hornet (D:9)
  3 polar bears
  Prince Ribbit (D:5)
  4 saltlings (Orc:2)
  10 blink frogs
  5 slime creatures (D:11)
  2 culicivoras (Lair:2)
  A shadow (D:11)
  6 wyverns
  25 yaks
  A wraith (D:11)
  3 basilisks
  2 wargs (Orc:2)
  A steam dragon (Lair:3)
  2 redbacks (Lair:2)
  Edmund (D:6)
  7 vampire mosquitoes
  9 water moccasins
  2 acid dragons (D:10)
  A sky beast (D:7)
  5 ice beasts
  2 black bears (D:10)
  24 orc warriors
  10 wolves
  6 ogres
  2 centaurs
  10 kobold brigands
  9 bullfrogs
  A gnoll sergeant (D:5)
  A scorpion (D:4)
  8 wights
  6 killer bees (D:9)
  2 electric eels (D:10)
  6 howler monkeys
  4 hounds
  3 bombardier beetles
  A gnoll bouda (D:6)
  10 orc priests
  A jelly (D:6)
  3 iguanas
  12 orc wizards
  9 adders
  12 gnolls
  A river rat (D:6)
  A shadow imp (D:5)
  A white imp (D:8)
  2 ufetubi (D:5)
  2 dart slugs
  2 ribbon worms
  79 orcs
  4 endoplasms
  4 giant cockroaches
  10 goblins
  8 hobgoblins
  6 jackals
  7 quokkas
  15 ball pythons
  6 bats
  6 frilled lizards
  28 kobolds
  12 rats
465 creatures vanquished.

Notes
Turn   | Place    | Note
-------+----------+-------------------------------------------
     0 | D:1      | Aldia the Draconian Shapeshifter began the quest for the
                  | Orb.
     0 | D:1      | Reached XP level 1. HP: 16/16 MP: 1/1
   100 | D:1      | Reached XP level 2. HP: 23/23 MP: 2/2
   855 | D:2      | Reached XP level 3. HP: 26/28 MP: 3/3
  1275 | D:3      | Reached XP level 4. HP: 24/35 MP: 4/4
  1528 | D:3      | Reached skill level 5 in Shapeshifting
  1758 | D:3      | Reached XP level 5. HP: 39/40 MP: 5/5
  2336 | D:4      | Noticed an ogre
  2365 | D:4      | Killed an ogre
  2366 | D:4      | Reached XP level 6. HP: 39/47 MP: 6/6
  2469 | D:4      | Found a transporter.
  2474 | D:4      | Found Weaxafie's Book Boutique.
  2476 | D:4      | Found a transporter.
  2672 | D:4      | Found an ancient bone altar of Kikubaaqudgha.
  2673 | D:4      | Noticed Menkaure
  2679 | D:4      | Found a transporter.
  2908 | D:4      | Found a transporter.
  2921 | D:4      | Found a basalt altar of Yredelemnul.
  3061 | D:5      | Entered Level 5 of the Dungeon
  3132 | D:5      | Your scales start taking on a dull iron-grey colour.
  3132 | D:5      | Reached XP level 7. HP: 26/55 MP: 7/7
  3574 | D:5      | Noticed Prince Ribbit
  3575 | D:5      | Found a shimmering blue altar of Sif Muna.
  3605 | D:5      | Reached skill level 4 in Unarmed Combat
  3634 | D:5      | Killed Prince Ribbit
  3641 | D:5      | Got Sif Muna's Omnibus of Fumes
  3647 | D:5      | Found a bloodstained altar of Trog.
  3666 | D:5      | Reached skill level 5 in Unarmed Combat
  3666 | D:5      | Reached XP level 8. HP: 66/66 MP: 8/8
  4193 | D:6      | Found Odist's Book Emporium.
  4224 | D:6      | Reached skill level 6 in Unarmed Combat
  4368 | D:6      | Found a glowing drain.
  4373 | Sewer    | Entered a sewer
  4660 | Sewer    | Reached skill level 5 in Fighting
  4738 | Sewer    | Reached skill level 7 in Unarmed Combat
  5053 | D:6      | Noticed Edmund
  5066 | D:6      | Killed Edmund
  5067 | D:6      | Reached XP level 9. HP: 73/75 MP: 9/9
  5285 | D:6      | Noticed a troll
  5294 | D:6      | Killed a troll
  5295 | D:6      | Reached skill level 8 in Unarmed Combat
  5907 | D:7      | Reached skill level 9 in Unarmed Combat
  6107 | D:7      | Identified the +3 buckler of Unambiguity {^Contam rPois
                  | Int+8 Dex-4}
  6374 | D:7      | Found a staircase to the Ecumenical Temple.
  6519 | Temple   | Found a transporter.
  6519 | Temple   | Found a transporter.
  6519 | Temple   | Found a transporter.
  6519 | Temple   | Found a transporter.
  6519 | Temple   | Entered the Ecumenical Temple
  6524 | Temple   | Learned a level 3 spell: Stone Arrow
  6539 | Temple   | Became a worshipper of Elyvilon the Healer
  6802 | D:8      | Found Rownyam's Self-Published Books.
  6809 | D:8      | Reached skill level 5 in Dodging
  6816 | D:8      | Learned a level 4 spell: Olgreb's Toxic Radiance
  6942 | D:8      | Reached skill level 1 in Alchemy
  6959 | D:8      | Found a flagged portal.
  6964 | Bailey   | Entered a bailey
  7079 | Bailey   | Identified the +1 scale mail of Onef {rF+ Slay+2}
  7104 | Bailey   | Reached skill level 10 in Unarmed Combat
  7120 | Bailey   | Reached XP level 10. HP: 84/84 MP: 10/10
  7328 | D:8      | Reached * piety under Elyvilon
  7804 | D:9      | Reached skill level 1 in Earth Magic
  7891 | D:9      | Noticed a two-headed ogre
  7900 | D:9      | Killed a two-headed ogre
  8007 | D:9      | Reached skill level 11 in Unarmed Combat
  8303 | D:9      | Reached ** piety under Elyvilon
  8784 | D:10     | Entered Level 10 of the Dungeon
  8799 | D:10     | Noticed a two-headed ogre
  8807 | D:10     | Killed a two-headed ogre
  8808 | D:10     | Reached XP level 11. HP: 94/94 MP: 11/11
  8947 | D:10     | Found a shimmering altar of Xom.
  9074 | D:10     | Reached *** piety under Elyvilon
  9184 | D:10     | Found a staircase to the Lair.
  9236 | D:10     | Reached skill level 5 in Earth Magic
  9462 | D:10     | Noticed a two-headed ogre
  9472 | D:10     | Killed a two-headed ogre
  9473 | D:10     | Reached skill level 12 in Unarmed Combat
  9473 | D:10     | Reached skill level 5 in Alchemy
  9677 | D:10     | Reached skill level 1 in Conjurations
  9854 | D:10     | Got Sif Muna's Secrets of the Lungs
 10140 | D:11     | Reached skill level 1 in Spellcasting
 10747 | D:11     | Found a staircase to the Orcish Mines.
 10940 | D:11     | Reached **** piety under Elyvilon
 11143 | D:11     | Found Ogiewk's Weapon Emporium.
 11298 | Lair:1   | Entered Level 1 of the Lair of Beasts
 11317 | Lair:1   | Noticed Nergalle
 11329 | Lair:1   | Killed Nergalle
 11543 | Lair:1   | Reached XP level 12. HP: 92/106 MP: 16/16
 11701 | Lair:1   | Reached skill level 10 in Fighting
 11873 | Temple   | Fell from the grace of Elyvilon
 11873 | Temple   | Became a worshipper of Fedhas Madash
 12554 | Lair:1   | Noticed a catoblepas
 12567 | Lair:1   | Killed a catoblepas
 12912 | Lair:2   | Reached * piety under Fedhas
 13839 | Lair:2   | Found a hole to the Spider Nest.
 13914 | Lair:3   | Reached skill level 5 in Spellcasting
 14002 | Lair:3   | Found a staircase to the Shoals.
 14050 | Lair:3   | Reached ** piety under Fedhas
 14460 | D:4      | Bought a book of Transmutation for 336 gold pieces
 14466 | D:4      | Learned a level 5 spell: Irradiate
 14471 | D:4      | Learned a level 4 spell: Petrify
 14660 | Orc:1    | Entered Level 1 of the Orcish Mines
 14676 | Orc:1    | Reached skill level 5 in Conjurations
 14877 | Orc:2    | Entered Level 2 of the Orcish Mines
 14896 | Orc:2    | Reached *** piety under Fedhas
 15067 | Orc:2    | Found a roughly hewn altar of Beogh.
 15080 | Orc:2    | Noticed Maurice
 15094 | Orc:2    | Something stole a flux talisman
 15106 | Orc:2    | Paralysed by an orc sorcerer for 2 turns
 15126 | Orc:2    | Reached XP level 13. HP: 75/113 MP: 16/21
 15145 | Orc:2    | Reached **** piety under Fedhas
 15179 | Orc:2    | Killed Maurice
 15180 | Orc:2    | Reached skill level 1 in Invocations
 15214 | Orc:2    | Found a staircase to the Elven Halls.
 15692 | Orc:2    | Found Rira's Assorted Antiques.
 15698 | Orc:2    | Bought a scroll of identify for 56 gold pieces
 15698 | Orc:2    | Bought a scroll labelled BEWNOS USY EPS for 28 gold pieces
 15826 | Orc:2    | Found Kaeh's Weapon Shop.
 15845 | Orc:2    | HP: 8/169 [barbs]
 15851 | Orc:2    | HP: 6/169 [red devil/+0 demon trident[an orc high priest]
                  | (4)]
 15856 | Orc:2    | HP: 1/113 [barbs]
 16139 | Orc:2    | Found a roughly hewn altar of Beogh.
 16140 | Orc:2    | Found Lobran Leipn's General Store.
 16161 | Orc:2    | Noticed a stone giant
 16175 | Orc:2    | Killed a stone giant
 16259 | Orc:2    | Found Deipnev's Weapon Boutique.
 16267 | Orc:2    | Reached ***** piety under Fedhas
 16283 | Orc:2    | Slain by an orc knight

Illustrated notes

Levels and vault maps discovered:
D:1:      dpeg_arrival_solitude, layout_rooms, serial_corexii_hall,
          chequers_hall_statues_y, corexii_hall_statues_i,
          chequers_decorated_corner, minmay_misc_feat_square
D:2:      layout_basic
D:3:      layout_loops_ring, saegor_snake_ambush
D:4:      layout_rooms, gammafunk_temple_of_torment, serial_shops,
          nicolae_shop_drivethru
D:5:      layout_loops_ring, nzn_overflow_gifts_of_might_and_magic,
          uniq_prince_ribbit1
D:6:      layout_basic, gup_sewer_entry_bowl, serial_shops, shop_statue,
          uniq_edmund, uniq_menkaure
D:7:      nicolae_cairo_tiling, layout_loops_corners,
          minmay_temple_entry_enclosed_plants, serial_glass, glass_columns_a,
          glass_columns_b, glass_columns_a, glass_columns_c, glass_columns_a,
          glass_columns_b, minmay_strange_pillars, item_on_display_a,
          feat_on_display
D:8:      layout_rooms, enter_bailey_3, corexii_corridor_pit,
          nicolae_custom_books, chequers_avenue
D:9:      layout_basic
D:10:     layout_basic, xom_teletrap_fun, minmay_lair_entry_grove
D:11:     layout_irregular_city, david_orc_2, serial_shops,
          nicolae_shop_bloodbath_and_beyond
Temple:   hellmonk_temple_divided_pantheon
Lair:1:   layout_cave_pods, uniq_nergalle
Lair:2:   layout_gridlike, spider_nest_entry_funnel_web, beast_lair_carwin_5,
          lemuel_fruit_tree
Lair:3:   layout_roguey, minmay_shoals_entry_lonely_mermaid,
          eino_house_with_fridge
Orc:1:    layout_caves
Orc:2:    hellmonk_orc_salted, layout_caves, basic_altar, uniq_maurice

Skill      XL: |  1  2  3  4  5  6  7  8  9 10 11 12 13 |
---------------+----------------------------------------+-----
Dodging        | 2 3 4 5 7 |  7.9
Shapeshifting  | 4 5 6 7 |  7.0
Fighting       | 2 3 5 6 8 9 10 | 10.0
Unarmed Combat | 5 7 10 11 12 | 12.0
Alchemy        | 2 4 7 9 |  9.0
Earth Magic    | 4 6 7 |  7.0
Conjurations   | 3 5 7 |  7.4
Spellcasting   | 3 5 6 |  6.0
Invocations    | 3 |  3.7

Action                     |  1- 3 |  4- 6 |  7- 9 | 10-12 | 13-15 || total
---------------------------+-------+-------+-------+-------+-------++-------
  Melee: Unarmed           |   110 |   181 |   453 |   916 |   175 ||  1835
         Punch             |     1 |     1 |       |       |       ||     2
         Tailslap          |    12 |    28 |    74 |   173 |    33 ||   320
   Cast: Olgreb's Toxic Ra |       |       |       |     8 |     9 ||    17
         Stone Arrow       |       |       |       |     1 |       ||     1
         Petrify           |       |       |       |       |     2 ||     2
Ability: Mud Breath        |       |       |       |    10 |       ||    10
    Use: Potion            |       |     1 |       |     1 |     1 ||     3
         Scroll            |       |       |     4 |    12 |     3 ||    19
   Stab: Sleeping          |     1 |       |       |       |       ||     1
         Petrified         |       |       |       |       |     1 ||     1
 Armour: Skin              |    58 |    96 |   148 |   396 |    77 ||   775
  Dodge: Dodged            |    63 |   136 |   451 |   968 |   208 ||  1826
   Form: Flux              |       |     1 |       |       |       ||     1

Table legend: (Time is in decaauts)
 A = Elapsed time spent in this place.
 B = Non-inter-level travel time spent in this place.
 C = Inter-level travel time spent in this place.
 D = Time resting spent in this place.
 E = Time spent auto-exploring this place.
 F = Levels seen in this place.
 G = Mean time per level.
                   A        B        C        D        E       F      G
               +--------+--------+--------+--------+--------+-----+--------+
         Total |  16033 |  14513 |   1520 |    674 |  10703 |  19 |  843.8 |
       Dungeon |  10827 |   9563 |   1264 |    284 |   7345 |  11 |  984.3 |
        Temple |     66 |     24 |     42 |      0 |      0 |   1 |   66.0 |
          Lair |   2731 |   2533 |    198 |      0 |   2086 |   3 |  910.3 |
  Orcish Mines |   1567 |   1553 |     14 |    390 |    814 |   2 |  783.5 |
         Sewer |    528 |    528 |      0 |      0 |    356 |   1 |  528.0 |
        Bailey |    312 |    312 |      0 |      0 |    101 |   1 |  312.0 |
               +--------+--------+--------+--------+--------+-----+--------+

Top non-repeatable levels by time:
    D:10: 1417 daAuts
   Orc:2: 1357 daAuts
     D:7: 1291 daAuts
  Lair:2: 1232 daAuts
  Lair:1: 1157 daAuts
    D:11: 1135 daAuts
     D:6: 1098 daAuts
     D:9: 1087 daAuts
     D:3: 1047 daAuts
     D:5: 967 daAuts
     D:4: 925 daAuts
     D:8: 652 daAuts
     D:2: 650 daAuts
     D:1: 553 daAuts
   Sewer: 528 daAuts
